 Dungeon Sprint DCSS version 0.30-a0-672-gc3a7216ad8 (webtiles) character file.

Game seed: 3004020228140115320

3999 BigDaddyOpFi the Demonic Cataclysm (level 10, -8/85 HPs)
             Began as a Demonspawn Fighter on Jan 18, 2023.
             Was a High Priest of Qazlal.
             Mangled by a vampire knight
             ... wielding a +1 battleaxe
              (13 damage)
             ... in the Dungeon (Sprint VII: "The Pits").
             The game lasted 00:02:59 (1570 turns).

BigDaddyOpFi the Demonic Cataclysm (DsFi)           Turns: 1570, Time: 00:03:00

Health: -8/85      AC: 21    Str: 23    XL:     10   Next: 3%
Magic:  21/22      EV: 11    Int: 10    God:    Qazlal [*****.]
Gold:   0          SH: 14    Dex: 19    Spells: 9/9 levels left

rFire   . . .      SeeInvis .    p - +2 war axe (freeze)
rCold   . . .      Faith    .    c - +0 buckler
rNeg    . . .      Spirit   .    o - +4 chain mail
rPois   .          Reflect  .    (no helmet)
rElec   .          Harm     .    n - +0 cloak
rCorr   .          Rampage  .    (no gloves)
Will    .....      NoTele   +    m - +0 pair of boots
Stlth   +                        (no amulet)
HPRegen 0.34/turn                b - +3 ring of evasion
MPRegen 0.18/turn                l - +3 ring of strength

@: protected from physical damage, repel missiles
A: claws 1, thin skeletal structure 3, ignite blood 1, powered by pain 1
a: Renounce Religion, Upheaval, Elemental Force, Disaster Area


You were in the Dungeon.
You worshipped Qazlal.
Qazlal was extremely pleased with you.
You visited 1 branch

Inventory:

Hand Weapons
 p - a +2 war axe of freezing (weapon)
Armour
 c - a +0 buckler (worn)
 m - a +0 pair of boots (worn)
 n - a +0 cloak (worn)
 o - a +4 chain mail (worn)
Jewellery
 b - a +3 ring of evasion (left claw)
 l - a +3 ring of strength (right claw)
Potions
 a - a potion of mutation
 d - 7 potions of curing
 e - 6 potions of heal wounds
 g - 4 potions of haste
 h - 3 potions of magic
 i - a potion of berserk rage
 k - 2 potions of invisibility


   Skills:
 + Level 10.2 Fighting
 + Level 9.1 Axes
 + Level 9.4 Armour
 + Level 9.3 Shields
 * Level 17.4 Invocations


You had 9 spell levels left.
You didn't know any spells.
Your spell library was empty.

Dungeon Overview and Level Annotations

Branches:
Dungeon (1/1)

Altars:
Ashenzari
Cheibriados
Dithmenos
Fedhas
Gozag
Hepliaklqana
Kikubaaqudgha
Makhleb
Nemelex Xobeh
Okawaru
Qazlal
Ru
Sif Muna
Trog
Uskayaw
Vehumet
Wu Jian
Xom
Yredelemnul
Jiyva
Lugonu


Innate Abilities, Weirdness & Mutations

You have sharp fingernails.
You have an unnaturally thin skeletal structure. (Dex +6, Stealth+++)
Your demonic aura sometimes causes spilled blood to erupt in flames.
You sometimes gain a little power by taking damage.


Message History

The cutting wind hits the demonic crawler!!!
You kill the demonic crawler!
Qazlal accepts your kill.
Your Axes skill increases to level 9!
You have reached level 10!
Your demonic ancestry asserts itself...
You feel energised by your suffering.
You start resting.
Something tries to affect you, but you resist.
You start resting.
You hear some strange, mumbled words.
You suddenly lose the ability to move!
You can move again.
You start resting.
You hear some strange, mumbled words.
You suddenly lose the ability to move!
You hear some strange, mumbled words.
You shrug off the repeated paralysis!
You hear some strange, mumbled words.
Something tries to affect you, but you resist.
You can move again.
Something hits you!
You feel more protected from physical attacks.
Something bites you but does no damage. Something draws life force from you!
Something hits you but does no damage. Something bites you but does no damage.
You block something's attack. Something bites you.
Something draws strength from your injuries!
Something hits you!
You feel more protected from physical attacks.
Something bites you but does no damage.
You see here a cyclops corpse.
Something hits you!
* * * LOW HITPOINT WARNING * * *
You feel more protected from physical attacks.
Something bites you but does no damage.
You see here a demonic crawler corpse.
You hit something but do no damage. Something draws life force from you!
* * * LOW HITPOINT WARNING * * *
You focus on the pain.
You feel your power returning. Something hits you!
You die...

.....'................+
'#####......#..#......#
.#..##................#
.)..#####'#####''######
##+###.......##†'#######
....##.......##.§..)....
....##.......##..§..†...
'#####...<...##☼○#####..
))[.##.......##§@+
))[.##.......##°.#
######.......##(.# #
.#..###########..#####.'
.#.############))).)...#
.#.#.÷..#..[.##....)..≈#
.#)#....#....###'###≈.≈#
.#.'....'..[)# ... ))≈≈#
.#÷#....#..))#
≈≈..#.....


There were no monsters in sight!

Vanquished Creatures
  2 bog bodies (D)
  A flayed ghost (D)
  A manticore (D)
  A merfolk siren (D)
  A cyclops (D)
  A demonic crawler (D)
  A hornet (D)
  A fire bat (D)
  3 floating eyes (D)
  A centaur (D)
  A gnoll sergeant (D)
  A necrophage (D)
  3 killer bees (D)
  A quasit (D)
  A gnoll bouda (D)
  An iron imp (D)
  Terence (D)
  7 gnolls (D)
  6 ufetubi (D)
  An adder zombie (D)
  A worm (D)
  5 orcs (D)
  A ball python (D)
  An endoplasm (D)
  3 jackals (D)
  A ball python zombie (D)
  A bat (D)
  A kobold (D)
50 creatures vanquished.

Notes
Turn   | Place    | Note
-------+----------+-------------------------------------------
     0 | D        | BigDaddyOpFi the Demonspawn Fighter began the quest for the
                  | Orb.
     0 | D        | Reached XP level 1. HP: 18/18 MP: 1/1
   150 | D        | Found a bloodstained altar of Trog.
   150 | D        | Found a shimmering blue altar of Sif Muna.
   150 | D        | Found a viscous altar of Jiyva.
   150 | D        | Found a hazy altar of Hepliaklqana.
   150 | D        | Found an opulent altar of Gozag.
   151 | D        | Found a basalt altar of Yredelemnul.
   151 | D        | Found a shimmering altar of Xom.
   151 | D        | Found an ornate altar of the Wu Jian Council.
   151 | D        | Found a sacrificial altar of Ru.
   151 | D        | Found a stormy altar of Qazlal.
   151 | D        | Found an iron altar of Okawaru.
   151 | D        | Found a sparkling altar of Nemelex Xobeh.
   151 | D        | Found a burning altar of Makhleb.
   151 | D        | Found a blossoming altar of Fedhas.
   151 | D        | Found a shadowy altar of Dithmenos.
   151 | D        | Found a snail-covered altar of Cheibriados.
   153 | D        | Found a corrupted altar of Lugonu.
   153 | D        | Found a radiant altar of Vehumet.
   154 | D        | Found an ancient bone altar of Kikubaaqudgha.
   154 | D        | Found a hide-covered altar of Uskayaw.
   154 | D        | Found a broken altar of Ashenzari.
   157 | D        | Became a worshipper of Qazlal Stormbringer
   189 | D        | Reached skill level 1 in Invocations
   189 | D        | Gained mutation: You have sharp fingernails. [demonic
                  | ancestry]
   189 | D        | Reached XP level 2. HP: 19/24 MP: 1/3
   316 | D        | Noticed a floating eye
   318 | D        | Paralysed by a floating eye for 3 turns
   324 | D        | Paralysed by a floating eye for 4 turns
   332 | D        | Paralysed by a floating eye for 4 turns
   340 | D        | Reached skill level 2 in Invocations
   341 | D        | Killed a floating eye
   341 | D        | Reached * piety under Qazlal
   342 | D        | Reached skill level 6 in Invocations
   342 | D        | Gained mutation: You have a somewhat thin skeletal
                  | structure. (Dex +2, Stealth+) [demonic ancestry]
   342 | D        | Reached XP level 3. HP: 17/32 MP: 3/7
   342 | D        | Reached XP level 4. HP: 21/38 MP: 3/8
   407 | D        | Noticed a floating eye
   408 | D        | Paralysed by a floating eye for 2 turns
   410 | D        | Killed a floating eye
   411 | D        | Reached skill level 5 in Fighting
   411 | D        | Reached skill level 5 in Armour
   411 | D        | Reached skill level 5 in Shields
   411 | D        | Reached skill level 8 in Invocations
   411 | D        | Gained mutation: You have a moderately thin skeletal
                  | structure. (Dex +4, Stealth++) [demonic ancestry]
   411 | D        | Reached XP level 5. HP: 44/44 MP: 8/11
   542 | D        | Reached ** piety under Qazlal
   548 | D        | Reached *** piety under Qazlal
   819 | D        | Noticed a centaur
   819 | D        | Noticed Terence
   835 | D        | Killed Terence
   840 | D        | Reached skill level 5 in Axes
   840 | D        | Reached skill level 9 in Invocations
   842 | D        | Killed a centaur
   842 | D        | Reached **** piety under Qazlal
   843 | D        | Gained mutation: Your demonic aura sometimes causes spilled
                  | blood to erupt in flames. [demonic ancestry]
   843 | D        | Reached XP level 6. HP: 52/52 MP: 11/13
   846 | D        | Reached skill level 10 in Invocations
   998 | D        | Noticed a floating eye
  1000 | D        | Killed a floating eye
  1000 | D        | Reached ***** piety under Qazlal
  1008 | D        | Noticed a bog body
  1016 | D        | Killed a bog body
  1017 | D        | Reached skill level 13 in Invocations
  1017 | D        | Reached XP level 7. HP: 61/61 MP: 14/16
  1030 | D        | Noticed a fire bat
  1035 | D        | Reached XP level 8. HP: 58/68 MP: 17/17
  1337 | D        | Noticed a bog body
  1339 | D        | Killed a bog body
  1339 | D        | Reached ****** piety under Qazlal
  1340 | D        | Reached skill level 14 in Invocations
  1503 | D        | Noticed a merfolk siren
  1508 | D        | Killed a merfolk siren
  1509 | D        | Reached skill level 15 in Invocations
  1509 | D        | Gained mutation: You have an unnaturally thin skeletal
                  | structure. (Dex +6, Stealth+++) [demonic ancestry]
  1509 | D        | Reached XP level 9. HP: 68/76 MP: 11/20
  1510 | D        | Noticed a cyclops
  1511 | D        | Noticed a manticore
  1518 | D        | Noticed a flayed ghost
  1525 | D        | Killed a flayed ghost
  1525 | D        | Killed a manticore
  1526 | D        | Reached skill level 16 in Invocations
  1526 | D        | Paralysed by a hornet for 1 turns
  1530 | D        | Killed a cyclops
  1531 | D        | Reached skill level 10 in Fighting
  1531 | D        | Reached skill level 17 in Invocations
  1543 | D        | Noticed a demonic crawler
  1543 | D        | Noticed a vampire knight
  1554 | D        | Killed a demonic crawler
  1555 | D        | Gained mutation: You sometimes gain a little power by
                  | taking damage. [demonic ancestry]
  1555 | D        | Reached XP level 10. HP: 58/85 MP: 11/22
  1560 | D        | Paralysed by something for 2 turns
  1564 | D        | Paralysed by something for 2 turns
  1570 | D        | Mangled by a vampire knight

Illustrated notes

Levels and vault maps discovered:
D:        pitsprint [storerooms_1, entrance_room_1, metal_vault_8, armoury_1,
          mini_pit_1, grid_room_1, main_hall_1, silver_pit, the_coven_3,
          the_vestibule_1, steel_vault_1, golden_pit, hallway_of_sentries,
          crystal_vault_2, iron_vault_3, final_vault]

Skill      XL: |  1  2  3  4  5  6  7  8  9 |
---------------+----------------------------+-----
Axes           | 2 3 4 5 6 8 9 |  9.1
Armour         | 3 4 5 7 8 9 |  9.4
Shields        | 3 4 5 7 8 9 |  9.3
Invocations    | 1 6 8 9 13 15 17 | 17.4
Fighting       | 4 5 6 7 9 10 | 10.2

Action                   |  1- 3 |  4- 6 |  7- 9 | 10-12 || total
-------------------------+-------+-------+-------+-------++-------
Melee: War axe           |    35 |    46 |    20 |     1 ||   102
Invok: Disaster Area     |       |       |     6 |       ||     6
       Upheaval          |       |       |     1 |       ||     1
  Use: Potion            |     3 |     4 |     2 |       ||     9
       Scroll            |       |       |     1 |       ||     1
Armor: Scale mail        |    29 |    17 |       |       ||    46
       Ring mail         |       |     3 |     9 |       ||    12
       Chain mail        |       |       |    12 |     5 ||    17
Dodge: Dodged            |    23 |    26 |     7 |       ||    56
       Repelled          |       |     1 |       |       ||     1
Block: Buckler           |     9 |    29 |    23 |     1 ||    62

Table legend: (Time is in decaauts)
 A = Elapsed time spent in this place.
 B = Non-inter-level travel time spent in this place.
 C = Inter-level travel time spent in this place.
 D = Time resting spent in this place.
 E = Time spent auto-exploring this place.
 F = Levels seen in this place.
 G = Mean time per level.
                   A        B        C        D        E       F      G
               +--------+--------+--------+--------+--------+-----+--------+
         Total |   1615 |   1556 |     59 |   1126 |      0 |   1 | 1615.0 |
       Dungeon |   1615 |   1556 |     59 |   1126 |      0 |   1 | 1615.0 |
               +--------+--------+--------+--------+--------+-----+--------+

Top non-repeatable levels by time:
       D: 1615 daAuts
